 Dungeon Crawl Stone Soup version 0.28.0-49-g6dfe1f597d (webtiles) character file.

Game seed: 4270237370614529943

56 Zeld the Shield-Bearer (level 4, 0/37 HPs)
             Began as a Formicid Fighter on May 18, 2022.
             Succumbed to an adder's poison
             ... on level 4 of the Dungeon.
             The game lasted 00:01:09 (1146 turns).

Zeld the Shield-Bearer (Formicid Fighter)           Turns: 1146, Time: 00:01:09

Health: 0/37       AC:  6    Str: 22    XL:     4   Next: 17%
Magic:  4/4        EV:  9    Int:  8    God:
Gold:   2          SH:  4    Dex: 10    Spells: 3/3 levels left

rFire   . . .      SeeInvis +   a - +0 war axe
rCold   . . .      Faith    .   c - +0 buckler
rNeg    . . .      Spirit   .   b - +0 scale mail
rPois   .          Reflect  .   (helmet unavailable)
rElec   .          Harm     .   (no cloak)
rCorr   .          Rampage  .   (no gloves)
Will    .....                   (no boots)
Stlth   ..........              (no amulet)
HPRegen 0.12/turn               (no ring)
MPRegen 0.09/turn               (no ring)

@: lethally poisoned (0 -> -5)
A: permanent stasis, dig shafts and tunnels, antennae 3, four strong arms
a: Dig, Shaft Self


You were on level 4 of the Dungeon.
You visited 1 branch of the dungeon, and saw 4 of its levels.

You collected 2 gold pieces.

Inventory:

Hand Weapons
 a - a +0 war axe (weapon)
Armour
 b - a +0 scale mail (worn)
 c - a +0 buckler (worn)
Jewellery
 e - a ring of protection from cold
Scrolls
 f - a scroll of fear {unknown}
Potions
 d - a potion of might


   Skills:
 * Level 4.0 Fighting
 * Level 2.9 Axes
 + Level 3.6 Armour
 + Level 4.0 Shields


You had 3 spell levels left.
You didn't know any spells.
Your spell library was empty.

Dungeon Overview and Level Annotations

Branches:
Dungeon (4/15)
 Temple: D:4-7

Altars:

Annotations:
D:3 Sigmund


Innate Abilities, Weirdness & Mutations

You cannot be hasted, slowed, berserked, paralysed or teleported.
You can dig through walls and to a lower floor.
You have a pair of large antennae on your head. (SInv)
Your four strong arms can wield two-handed weapons with a shield.


Message History

Found a stone staircase leading down.
The adder bites you.
A hound skeleton comes into view.
You block the adder's attack.
The hound skeleton moves out of view.
You barely miss the adder. The adder bites you.
You are poisoned.
The adder poisons you! The adder closely misses you.
You closely miss the adder.
You feel very sick.
The iguana hisses menacingly.
You block the adder's attack. The adder bites you.
You slash the iguana!
The iguana is severely wounded.
You slash the adder!
You feel sick. The adder bites you. The iguana bites you!
* * * LOW HITPOINT WARNING * * *
You closely miss the adder.
The adder is severely wounded.
You barely miss the iguana.
You feel sick. The adder bites you.
* * * LOW HITPOINT WARNING * * *
You block the adder's attack. The iguana barely misses you.
You are too injured to fight recklessly!
Unknown command.
You feel sick.
You feel sick.
You are no longer poisoned.
You block the adder's attack.
You miss the adder.
The adder is severely wounded.
The adder completely misses you. The adder bites you.
* * * LOW HITPOINT WARNING * * *
You are lethally poisoned!
The adder poisons you!
Unknown command.
You hit the adder but do no damage.
The adder is severely wounded.
* * * LOW HITPOINT WARNING * * *
You feel sick. The adder bites you but does no damage.
Unknown command.
You barely miss the adder.
The adder is severely wounded.
You die...

### ...
..# #.# #
#.# #. #.#
.. #<# #.
#@# #
#{#S#.##
#.l...#
#.........
#.....####
.#.###..
....# ....
.#.#.# .##
.##.#.# #


You could see an iguana and an adder.

Vanquished Creatures
  A gnoll (D:1)
  2 adders
  A worm (D:1)
  A dart slug (D:3)
  7 endoplasms
  3 giant cockroaches (D:1)
  2 jackals (D:1)
  A frilled lizard (D:3)
  5 rats
23 creatures vanquished.

Vanquished Creatures (others)
  5 plants (D:2)
5 creatures vanquished.

Grand Total: 28 creatures vanquished

Notes
Turn   | Place    | Note
-------+----------+-------------------------------------------
     0 | D:1      | Zeld the Formicid Fighter began the quest for the Orb.
     0 | D:1      | Reached XP level 1. HP: 18/18 MP: 1/1
     1 | D:1      | Found a runed translucent door.
    24 | D:1      | Reached XP level 2. HP: 18/24 MP: 2/2
    43 | D:1      | Reached XP level 3. HP: 7/30 MP: 3/3
   783 | D:3      | Reached XP level 4. HP: 14/37 MP: 4/4
  1087 | D:3      | Noticed Sigmund
  1146 | D:4      | Succumbed to an adder's poison

Illustrated notes

Levels and vault maps discovered:
D:1:      dpeg_arrival_caged_fury, layout_rooms,
          shapermc_ecumenical_altar_rom_forum
D:2:      layout_basic, interstate_on_off, minmay_tree_intersection,
          minmay_misc_feat_rows, serial_bayou_pond_c, minmay_misc_feat_ornament,
          grunt_ministairs_8
D:3:      layout_basic, minmay_stone_trees_medium, minmay_diced_spiral,
          uniq_sigmund
D:4:      layout_loops_ring, lightli_temple_of_fire, uniq_eustachio

Skill      XL: |  1  2  3 |
---------------+----------+-----
Shields        | 4 |  4.0
Fighting       | 4 |  4.0
Axes           | |  2.9
Armour         | |  3.6

Action                   |  1- 3 |  4- 6 || total
-------------------------+-------+-------++-------
Melee: War axe           |    70 |     7 ||    77
Armor: Scale mail        |    30 |     1 ||    31
Dodge: Dodged            |    35 |     3 ||    38
Block: Buckler           |    28 |     4 ||    32
